AoeStats
← timmy_turner

Arabian Desert

509780817Analyzed
1v1 RM · 5d ago on Sep 28, 2026· 29m 47s· 2 players
Game mode
Random Map
Map size
Tiny (2 player)
Population
200
Speed
Normal
Resources
Standard
Victory
Conquest
Starting age
Dark Age
Ending age
Imperial Age
RankedLock teamsTeams togetherTeam positionsShared explorationLock speedFull tech treeHidden civsTurbo modeCheats
Victory
Defeat
🇺🇸 Tatars · United States
1544
+19
🇺🇸 Shu · United States
1614
-19
Borger
6:20 Loom
8:55 Feudal Age
10:19 Double-Bit Axe
17:37 Fletching
21:12 Padded Archer Armor
23:19 Scale Barding Armor
26:31 Castle Age
25:22 Forging
25:40 Bloodlines
26:31 Horse Collar
27:07 Bodkin Arrow
26:33 Elite Skirmisher
27:20 Light Cavalry
29:02 Leather Archer Armor
timmy_turner
6:21 Loom
9:11 Feudal Age
9:40 Double-Bit Axe
11:23 Fletching
11:27 Horse Collar
16:19 Padded Archer Armor
21:26 Castle Age
22:03 Bodkin Arrow
23:03 Leather Archer Armor
23:11 Bow Saw
24:08 Thumb Ring
27:16 Elite Skirmisher
Connection lost

Rejoining the realm…

Still unreachable

The connection could not be restored.

Session expired

The server has moved on; the page needs a fresh start.